 Dungeon Crawl Stone Soup version 0.32-a0-886-g41c5271027 (webtiles) character file.

Game seed: 17065345696918563570

952 pokedragonboy the Ruffian (level 8, -1/60 HPs)
             Began as a Gnoll Shapeshifter on Apr 2, 2024.
             Succumbed to a gnoll sergeant's poison
             ... on level 5 of the Dungeon.
             The game lasted 00:10:25 (5377 turns).

pokedragonboy the Ruffian (Gnoll Shapeshifter)      Turns: 5377, Time: 00:10:25

Health: -1/60      AC:  6    Str: 18 (19) XL:     8   Next: 14%
Magic:  12/12      EV: 12    Int:  7 (9)  God:
Gold:   253        SH:  0    Dex:  9 (12) Spells: 13/13 levels left

rFire   + + .        a - +4 war axe
rCold   + . .        (no shield)
rNeg    + . .        I - +3 leather armour of Crawling {Str+3}
rPois   +            (helmet currently unavailable)
rElec   +            (cloak currently unavailable)
rCorr   +            y - melded +0 pair of gloves
SInv    .            (boots currently unavailable)
Will    .....        (no amulet)
Stlth   ++           q - ring of protection from fire
HPRegen 0.30/turn    t - ring of positive energy
MPRegen 0.13/turn

%: no passive effects
@: lethally poisoned (-1 -> -22), beast-form, resistant
A: beast (slay +4), fangs 1, strong nose, distributed training
a: Begin Untransformation


You were on level 5 of the Dungeon.
You were a hulking beast.
You visited 1 branch of the dungeon, and saw 5 of its levels.
You also visited: Sewer.

You collected 253 gold pieces.

Inventory:

Hand Weapons
 a - a +4 war axe (weapon)
 k - a +2 flail of protection
 B - the +7 dagger of Fate {freeze, Dex+2}
   (You found it on level 4 of the Dungeon)

   Dex+2:     It affects your dexterity (+2).
Armour
 j - the +0 leather armour "Laes" {-Tele rPois Dex+2 Stlth+}
   (You found it on level 2 of the Dungeon)

   Dex+2:     It affects your dexterity (+2).
   rPois:     It protects you from poison.
   -Tele:     It prevents most forms of teleportation.
   Stlth+:    It makes you more stealthy.
 p - a +0 chain mail
 y - a +0 pair of gloves (melded)
 I - the +3 leather armour of Crawling (worn) {Str+3}
   (You found it on level 4 of the Dungeon)

   Str+3:     It affects your strength (+3).
Jewellery
 q - a ring of protection from fire (left hand)
 t - a ring of positive energy (right hand)
 z - a ring of ice
Talismans
 c - a beast talisman (active)
 d - a flux talisman
 n - a serpent talisman
Wands
 m - a wand of warping (7)
Scrolls
 e - a scroll of enchant weapon
 i - 2 scrolls of immolation
 l - a scroll of identify
 w - a scroll of noise
 x - a scroll of fear
Potions
 b - 3 potions of lignification
 f - a potion of degeneration
 g - 2 potions of berserk rage {unknown}
 h - a potion of curing {unknown}
 o - a potion of attraction {unknown}
 r - 2 potions of might {unknown}
 v - a potion of resistance
 A - a potion of magic {unknown}
 C - a potion of haste {unknown}
 E - a potion of invisibility {unknown}
 F - 4 potions of mutation
 G - a potion of heal wounds {unknown}


   Skills:
 + Level 4.1 Fighting
 + Level 3.1 Short Blades
 + Level 3.1 Long Blades
 + Level 3.1 Axes
 + Level 3.1 Maces & Flails
 + Level 3.1 Polearms
 + Level 3.1 Staves
 + Level 3.1 Ranged Weapons
 + Level 3.1 Throwing
 + Level 3.1 Armour
 + Level 5.6 Dodging
 + Level 3.1 Stealth
 + Level 3.1 Shields
 + Level 7.3 Unarmed Combat
 + Level 3.1 Spellcasting
 + Level 2.5 Conjurations
 + Level 2.5 Hexes
 + Level 2.5 Summonings
 + Level 2.5 Necromancy
 + Level 2.5 Translocations
 + Level 2.5 Fire Magic
 + Level 2.5 Ice Magic
 + Level 2.5 Air Magic
 + Level 2.5 Earth Magic
 + Level 2.5 Alchemy
 + Level 3.4 Invocations
 + Level 3.1 Evocations
 + Level 7.1 Shapeshifting


You had 13 spell levels left.
You didn't know any spells.
Your spell library contained the following spells:

 Spells                   Type           Power      Damage    Failure   Level
 Frozen Ramparts          Ice            8%         1d2       41%         3
 Hailstorm                Conj/Ice       4%         3d5       41%         3
 Inner Flame              Hex/Fire       4%         N/A       41%         3
 Maxwell's Portable Pile  Tloc           4%         2d(5-14)  41%         3
 Ozocubu's Armour         Ice            4%         N/A       41%         3
 Summon Ice Beast         Ice/Summ       4%         N/A       41%         3
 Flame Wave               Conj/Fire      4%         2d5       82%         4
 Sticky Flame             Fire/Alch      4%         2d4       82%         4
 Arcjolt                  Conj/Air       2%         1d12      99%         5
 Metabolic Englaciation   Hex/Ice        2%         N/A       99%         5
 Permafrost Eruption      Ice/Erth       2%         2x4d2     100%        6
 Sculpt Simulacrum        Ice/Alch       2%         N/A       100%        6
 Maxwell's Capacitive Co  Air            2%         ∞         100%        8


Dungeon Overview and Level Annotations

Branches:
Dungeon (5/15)              Sewer (visited)
 Temple: D:4-7

Altars:
Trog
Yredelemnul

Annotations:
D:5 1 runed translucent door


Innate Abilities, Weirdness & Mutations

You are a hulking beast.
Your limbs bulge with bestial killing power. (Slay +4)
You have very sharp teeth.
Your uncanny sense of smell can sniff out nearby items.
Your experience applies equally to all skills.


Message History

Your Evocations skill increases to level 3!
You have reached level 8!
You feel stronger.
You slash the black bear! Your bite misses the black bear.
The black bear is moderately wounded.
The black bear bites you.
The black bear claws you but does no damage.
The black bear barely misses you. The gnoll barely misses you.
You slash the black bear! You bite the black bear.
The black bear is severely wounded.
The gnoll hits you from afar with a +0 spear.
The black bear goes berserk!
You slash the black bear!
You kill the black bear!
The gnoll hits you but does no damage.
The gnoll hits you from afar with a +0 spear.
The gnoll completely misses you. The gnoll misses you.
You see here a +0 whip.
You slash the gnoll!
The gnoll is almost dead.
The gnoll closely misses you. x2
The gnoll sergeant hits you from afar with a +4 trident of venom!
You are poisoned.
You slash the gnoll!
You kill the gnoll!
You feel very sick. The gnoll completely misses you.
The gnoll sergeant hits you from afar with a +4 trident of venom!
* * * LOW HITPOINT WARNING * * *
You are lethally poisoned!
You feel protected.
* * * LOW HITPOINT WARNING * * *
You feel very sick. The gnoll closely misses you.
The gnoll sergeant hits you from afar with a +4 trident of venom.
* * * LOW HITPOINT WARNING * * *
It was a potion of degeneration.
There was something very wrong with that liquid.
You feel weakened.
You feel dopey.
You feel clumsy.
You die...

.......######...........
##...... .......#
...#........... ........
......#####.#...........
........
.......#................
........
......#.................
........
##.......#.#............
........
.......########.........
........ .........
###...##... ..[.....
...........##.##h## .
........
#.##...........#)#
........ #. ....
..g....gg# ........
..... ..........#
........ g............
........ g..............
........ ...............
........ ...............
........ ...$....#......
........


You could see a gnoll sergeant and a gnoll.

Vanquished Creatures
  Sigmund (D:2)
  Pargi (D:4)
  A black bear (D:5)
  2 kobold brigands (Sewer)
  2 hounds
  An orc priest (D:3)
  A jelly (D:5)
  A human skeleton (D:5)
  An iguana (D:5)
  8 adders
  6 gnolls
  3 river rats (Sewer)
  A white imp (D:5)
  3 dart slugs
  A ribbon worm (D:2)
  5 orcs
  11 ball pythons
  2 bats
  6 endoplasms
  6 giant cockroaches
  9 goblins
  3 hobgoblins
  3 jackals (D:4)
  23 kobolds
  5 quokkas
  5 frilled lizards
  A kobold skeleton (D:5)
  44 rats
156 creatures vanquished.

Notes
Turn   | Place    | Note
-------+----------+-------------------------------------------
     0 | D:1      | pokedragonboy the Gnoll Shapeshifter began the quest for
                  | the Orb.
     0 | D:1      | Reached XP level 1. HP: 17/17 MP: 1/1
   202 | D:1      | Reached XP level 2. HP: 20/23 MP: 2/2
   827 | D:1      | Reached XP level 3. HP: 28/28 MP: 3/3
  1135 | D:2      | Reached skill level 1 in Invocations
  1211 | D:2      | Identified the +0 leather armour "Laes" {-Tele rPois Dex+2
                  | Stlth+}
  1229 | D:2      | Reached skill level 1 in Short Blades
  1229 | D:2      | Reached skill level 1 in Long Blades
  1229 | D:2      | Reached skill level 1 in Axes
  1229 | D:2      | Reached skill level 1 in Maces & Flails
  1229 | D:2      | Reached skill level 1 in Polearms
  1229 | D:2      | Reached skill level 1 in Staves
  1229 | D:2      | Reached skill level 1 in Ranged Weapons
  1229 | D:2      | Reached skill level 1 in Throwing
  1229 | D:2      | Reached skill level 1 in Armour
  1229 | D:2      | Reached skill level 1 in Stealth
  1229 | D:2      | Reached skill level 1 in Shields
  1229 | D:2      | Reached skill level 1 in Spellcasting
  1229 | D:2      | Reached skill level 1 in Evocations
  1236 | D:2      | Reached XP level 4. HP: 3/34 MP: 5/5
  1372 | D:2      | Reached skill level 1 in Conjurations
  1372 | D:2      | Reached skill level 1 in Hexes
  1372 | D:2      | Reached skill level 1 in Summonings
  1372 | D:2      | Reached skill level 1 in Necromancy
  1372 | D:2      | Reached skill level 1 in Translocations
  1372 | D:2      | Reached skill level 1 in Fire Magic
  1372 | D:2      | Reached skill level 1 in Ice Magic
  1372 | D:2      | Reached skill level 1 in Air Magic
  1372 | D:2      | Reached skill level 1 in Earth Magic
  1372 | D:2      | Reached skill level 1 in Alchemy
  1556 | D:2      | Noticed Sigmund
  1563 | D:2      | Killed Sigmund
  1564 | D:2      | Reached XP level 5. HP: 33/41 MP: 5/7
  1564 | D:2      | Reached XP level 6. HP: 38/47 MP: 5/8
  1614 | D:2      | Reached skill level 5 in Dodging
  2445 | D:3      | Found a faded altar of an unknown god.
  3040 | D:4      | Noticed Pargi
  3048 | D:4      | Killed Pargi
  3049 | D:4      | Reached XP level 7. HP: 37/52 MP: 10/10
  3126 | D:4      | Found a bloodstained altar of Trog.
  3176 | D:4      | Found a glowing drain.
  3198 | D:4      | Identified the +7 dagger of Fate {freeze, Dex+2}
  3234 | Sewer    | Entered a sewer
  4408 | D:4      | Identified the +3 leather armour of Crawling {Str+3}
  5120 | D:5      | Entered Level 5 of the Dungeon
  5308 | D:5      | Found a runed translucent door.
  5308 | D:5      | Noticed a human
  5320 | D:5      | Found a basalt altar of Yredelemnul.
  5370 | D:5      | Reached XP level 8. HP: 50/60 MP: 12/12
  5377 | D:5      | Succumbed to a gnoll sergeant's poison

Illustrated notes

Levels and vault maps discovered:
D:1:      dpeg_arrival_ratfight, layout_basic
D:2:      minmay_diamond_boxcup, layout_rooms, uniq_sigmund
D:3:      layout_basic, shapermc_ecumenical_altar_venn
D:4:      layout_layer_cave, lightli_temple_of_fire, portal_sewer_entry_f,
          uniq_pargi
D:5:      layout_cave_pools, grunt_ashenzari_visionary
          [grunt_ashenzari_visionary_shoals, grunt_ashenzari_visionary_snake],
          dk_yredelemnul_ordeal, serial_shops, nicolae_shop_hallway_plus

Skill      XL: |  1  2  3  4  5  6  7 |
---------------+----------------------+-----
Invocations    | 1 2 3 |  3.4
Short Blades   | 1 2 3 |  3.1
Long Blades    | 1 2 3 |  3.1
Axes           | 1 2 3 |  3.1
Maces & Flails | 1 2 3 |  3.1
Polearms       | 1 2 3 |  3.1
Staves         | 1 2 3 |  3.1
Ranged Weapons | 1 2 3 |  3.1
Throwing       | 1 2 3 |  3.1
Armour         | 1 2 3 |  3.1
Stealth        | 1 2 3 |  3.1
Shields        | 1 2 3 |  3.1
Spellcasting   | 1 2 3 |  3.1
Evocations     | 1 2 3 |  3.1
Conjurations   | 1 2 |  2.5
Hexes          | 1 2 |  2.5
Summonings     | 1 2 |  2.5
Necromancy     | 1 2 |  2.5
Translocations | 1 2 |  2.5
Fire Magic     | 1 2 |  2.5
Ice Magic      | 1 2 |  2.5
Air Magic      | 1 2 |  2.5
Earth Magic    | 1 2 |  2.5
Alchemy        | 1 2 |  2.5
Fighting       | 3 4 |  4.1
Dodging        | 5 |  5.6
Unarmed Combat | 7 |  7.3
Shapeshifting  | 7 |  7.1

Action                     |  1- 3 |  4- 6 |  7- 9 || total
---------------------------+-------+-------+-------++-------
  Melee: Unarmed           |    60 |    17 |       ||    77
         Bite              |     7 |     6 |     8 ||    21
         Punch             |     4 |     1 |       ||     5
         War axe           |       |    71 |   115 ||   186
    Use: Scroll            |       |       |    11 ||    11
         Potion            |       |       |     2 ||     2
   Stab: Sleeping          |     2 |     2 |     1 ||     5
 Armour: Animal skin       |    24 |    40 |       ||    64
         Chain mail        |       |    20 |   128 ||   148
         Leather armour    |       |       |    22 ||    22
  Dodge: Dodged            |    26 |    62 |    76 ||   164
   Form: Beast             |       |     1 |     1 ||     2
         Serpent           |       |     1 |       ||     1
                           |       |       |     1 ||     1

Table legend: (Time is in decaauts)
 A = Elapsed time spent in this place.
 B = Non-inter-level travel time spent in this place.
 C = Inter-level travel time spent in this place.
 D = Time resting spent in this place.
 E = Time spent auto-exploring this place.
 F = Levels seen in this place.
 G = Mean time per level.
                   A        B        C        D        E       F      G
               +--------+--------+--------+--------+--------+-----+--------+
         Total |   5455 |   5229 |    226 |    627 |   3679 |   6 |  909.2 |
       Dungeon |   4733 |   4507 |    226 |    563 |   3211 |   5 |  946.6 |
         Sewer |    721 |    721 |      0 |     64 |    468 |   1 |  721.0 |
               +--------+--------+--------+--------+--------+-----+--------+

Top non-repeatable levels by time:
     D:4: 1369 daAuts
     D:1: 1220 daAuts
     D:3: 974 daAuts
     D:2: 969 daAuts
   Sewer: 721 daAuts
     D:5: 200 daAuts
